 Dungeon Crawl Stone Soup version 0.26.1-11-gd32895ea62 (webtiles) character file.

Game seed: 8372851485933117546

1 Zeld the Magician (level 1, 18/20 HPs)
             Began as a Gnoll Wanderer on June 14, 2021.
             Quit the game on level 1 of the Dungeon.
             The game lasted 00:00:25 (27 turns).

Zeld the Magician (Gnoll Wanderer)                    Turns: 27, Time: 00:00:26

Health: 18/20      AC:  2    Str: 12    XL:     1   Next: 20%
Magic:  0/6        EV: 11    Int: 15    God:
Gold:   0          SH:  4    Dex: 15    Spells: 8/9 levels left

rFire    . . .     SeeInvis .   a - +0 dagger
rCold    . . .     Faith    .   c - +0 buckler
rNeg     . . .     Spirit   .   d - +0 robe
rPois    .         Reflect  .   (no helmet)
rElec    .         Harm     .   (no cloak)
rCorr    .         Rampage  .   (no gloves)
Will     .....                  (no boots)
Stlth    ++........             (no amulet)
HPRegen  0.06/turn              (no ring)
MPRegen  0.10/turn              (no ring)

@: no status effects
A: distributed training, fangs 1, strong nose
a: no special abilities


You were on level 1 of the Dungeon.
You visited 1 branch of the dungeon, and saw 1 of its levels.

Inventory:

Hand Weapons
 a - a +0 dagger (weapon)
Armour
 c - a +0 buckler (worn)
 d - a +0 robe (worn)
Scrolls
 b - a scroll of fog {unknown}


   Skills:
 + Level 4.4 Fighting
 + Level 0.0 Short Blades
 + Level 0.0 Long Blades
 + Level 0.0 Axes
 + Level 0.0 Maces & Flails
 + Level 2.3 Polearms
 + Level 0.0 Staves
 + Level 0.0 Slings
 + Level 0.0 Bows
 + Level 0.0 Crossbows
 + Level 0.0 Throwing
 + Level 0.0 Armour
 + Level 0.0 Dodging
 + Level 2.1 Stealth
 + Level 2.3 Shields
 + Level 0.0 Unarmed Combat
 + Level 4.8 Spellcasting
 + Level 3.6 Conjurations
 + Level 0.0 Hexes
 + Level 0.0 Summonings
 + Level 0.0 Necromancy
 + Level 0.0 Translocations
 + Level 0.0 Transmutations
 + Level 0.0 Fire Magic
 + Level 0.0 Ice Magic
 + Level 0.0 Air Magic
 + Level 1.9 Earth Magic
 + Level 0.0 Poison Magic
 + Level 0.0 Invocations
 + Level 0.0 Evocations


You had 8 spell levels left.
You knew the following spells:

 Your Spells              Type           Power        Failure   Level
a - Magic Dart            Conj           56%          4%          1

Your spell library contained the following spells:

 Spells                   Type           Power        Failure   Level
 Searing Ray              Conj           28%          7%          2
 Sting                    Tmut/Pois      12%          21%         1
 Dazzling Flash           Conj/Hex       18%          28%         3
 Mephitic Cloud           Conj/Pois/Air  7%           36%         3
 Fulminant Prism          Conj/Hex       4%           67%         4
 Iskenderun's Mystic Bla  Conj/Tloc      9%           67%         4


Dungeon Overview and Level Annotations

Branches:
Dungeon (1/15)

Altars:


Innate Abilities, Weirdness & Mutations

Your experience applies equally to all skills.
You have very sharp teeth.
Your uncanny sense of smell can sniff out nearby items.


Message History

Casting: Magic Dart (safe; 4% risk of failure)
Confirm with . or Enter, or press ? or * to list all spells.
You don't have enough magic to cast that spell.
Casting: Magic Dart (safe; 4% risk of failure)
Confirm with . or Enter, or press ? or * to list all spells.
You don't have enough magic to cast that spell.
Unknown command.
Casting: Magic Dart (safe; 4% risk of failure)
Confirm with . or Enter, or press ? or * to list all spells.
You don't have enough magic to cast that spell.
Unknown command.
Unknown command.
You hit the hobgoblin.
The hobgoblin is heavily wounded.
You block the leopard gecko's attack. The hobgoblin closely misses you.
You hit the hobgoblin but do no damage.
The hobgoblin is heavily wounded.
The leopard gecko completely misses you.
The hobgoblin hits you.
Are you sure you want to abandon this character and quit the game? (Confirm with "yes".)

.# g.# ..## ∆ ... #.#
########.# .........#
########..# ...
##......'#@# ..
#........#lg...... ..
#...##...#l....... #.
#..# ##..#........ ##..
#..####..#........
##...##...##...#......$.
..........)....#........
......<.......##........
###..##..######


You could see a leopard gecko, a hobgoblin, a goblin (asleep) and a frilled
lizard.

Vanquished Creatures
  A hobgoblin (D:1)
1 creature vanquished.

Notes
Turn   | Place    | Note
-------+----------+-------------------------------------------
     0 | D:1      | Zeld the Gnoll Wanderer began the quest for the Orb.
     0 | D:1      | Zeld set off with the following items: a +0 dagger, a +0
                  | buckler, a +0 robe; and the following spells available to
                  | memorise: Magic Dart, Searing Ray, Sting, Dazzling Flash,
                  | Mephitic Cloud, Fulminant Prism, Iskenderun's Mystic Blast
     0 | D:1      | Reached XP level 1. HP: 20/20 MP: 6/6
     2 | D:1      | Learned a level 1 spell: Magic Dart
    27 | D:1      | Quit the game

Illustrated notes

Levels and vault maps discovered:
D:1:      minmay_arrival_four_loops, layout_basic

Action                   || total
-------------------------++-------
Melee: Dagger            ||     2
 Cast: Magic Dart        ||     6
Dodge: Dodged            ||     4
Block: Buckler           ||     3
